 Dungeon Crawl Stone Soup version 0.26-a0-712-ga5a9c9c9d0 (webtiles) character file.

Game seed: 10041181071452266787

49 Lanoc the Skirmisher (level 3, 0/30 HPs)
             Began as a Barachi Chaos Knight on Nov 11, 2020.
             Was a Plaything of Xom.
             Slain by a goblin
             ... wielding a +0 dagger
             ... led by Robin
              (4 damage)
             ... on level 1 of the Dungeon.
             The game lasted 00:01:42 (1088 turns).

Lanoc the Skirmisher (Barachi Chaos Knight)         Turns: 1088, Time: 00:01:43

Health: 0/30       AC:  5    Str: 13    XL:     3   Next: 75%
Magic:  3/3        EV: 16    Int: 12    God:    Xom [*.....]
Gold:   77         SH:  0    Dex: 12    Spells: 2/2 levels left

rFire    . . .     SeeInvis .   a - +0 mace (chaos)
rCold    . . .     Faith    .   (no shield)
rNeg     . . .     Spirit   .   b - +2 leather armour
rPois    .         Reflect  .   (no helmet)
rElec    .         Harm     .   (no cloak)
rCorr    .         Rampage  .   (no gloves)
MR       .....                  (no boots)
Stlth    +.........             m - amulet of magic regeneration
HPRegen  0.10/turn              k - +4 ring of evasion
MPRegen  0.33/turn              (no ring)

@: can't hop, slow
A: +LOS, swims, slowness 1, strong legs 1
a: Hop, Renounce Religion


You were on level 1 of the Dungeon.
You worshipped Xom.
You were a special plaything of Xom.
You visited 1 branch of the dungeon, and saw 2 of its levels.

You collected 77 gold pieces.

Inventory:

Hand Weapons
 a - a +0 mace of chaos (weapon)
Armour
 b - a +2 leather armour (worn)
Jewellery
 k - a +4 ring of evasion (left hand)
 m - an amulet of magic regeneration (around neck)
Scrolls
 c - 2 scrolls of teleportation {unknown}
 d - a scroll of remove curse {unknown}
 f - a scroll of enchant weapon {unknown}
 g - a scroll of fog {unknown}
 i - 2 scrolls of identify {unknown}
 n - a scroll of enchant armour {unknown}
Potions
 e - a potion of flight {unknown}
 h - a potion of might {unknown}
 j - a potion of lignification {unknown}
 l - 2 potions of invisibility {unknown}
 o - 2 potions of brilliance {unknown}


   Skills:
 + Level 4.1 Fighting
 + Level 3.8 Maces & Flails
 + Level 3.1 Armour
 + Level 2.1 Dodging


You had 2 spell levels left.
You didn't know any spells.
Your spell library was empty.

Dungeon Overview and Level Annotations

Branches:
Dungeon (2/15)

Altars:
Okawaru

Annotations:
D:2 Robin


Innate Abilities, Weirdness & Mutations

You can be seen from farther away. (+LOS)
You can swim through water.
You cover ground slowly.
You can hop short distances.


Message History

The goblin misses you. The goblin hits you but does no damage.
The goblin completely misses you.
The goblin no longer looks unusually strong.
The goblin misses you.
There is a stone staircase leading up here.
The goblin no longer looks unusually strong.
The goblin barely misses you.
You climb upwards.
There is a stone staircase leading down here.
You sock the goblin!
You kill the goblin!
You hit the goblin.
The goblin is moderately wounded.
The goblin hits you with a +0 dagger.
* * * LOW HITPOINT WARNING * * *
You miss the goblin.
The goblin is moderately wounded.
The goblin hits you with a +0 dagger.
You die... "It's all fun and games until someone loses an eye."

####.)###.....# #......# # #
##..#..###.# #......### # #....##
#.## #......... # #.####
##..###### #.....#### # ##'##
#........# ##....# # # ##...##
#........# #....#### ##.....##
#...8....# #.####.#.
##.......###..8g8...# ##.# #.#.#
#.........##...8@...####..# ##.#.
'.........'....(......(...###.#.#
#.........##........####.....####
##.......######(#...# #.....# #
##.....## ###...# #.....####
##...## #.### #......... ##'##
#[# #.#.###.## #.# #.# #.......#
#.# #.# ###.#####


You could see a goblin (strong).

Vanquished Creatures
  An adder (D:2)
  A dart slug (D:1)
  A worm (D:2)
  2 leopard geckos (D:1)
  A bat (D:1)
  3 giant cockroaches (D:1)
  10 goblins
  4 hobgoblins
  A frilled lizard (D:1)
  5 kobolds
  A rat (D:1)
30 creatures vanquished.

Notes
Turn   | Place    | Note
-------+----------+-------------------------------------------
     0 | D:1      | Lanoc the Barachi Chaos Knight began the quest for the Orb.
     0 | D:1      | Reached XP level 1. HP: 18/18 MP: 1/1
   160 | D:1      | XOM: divination: detect items
   215 | D:1      | XOM: 1-stop teleportation journey
   222 | D:1      | Reached XP level 2. HP: 20/25 MP: 2/2
   244 | D:1      | XOM: silly message
   684 | D:1      | Found an iron altar of Okawaru.
   686 | D:1      | XOM: enchant monster (good)
   776 | D:1      | XOM: 4-stop teleportation journey
   779 | D:1      | Reached skill level 4 in Fighting
   843 | D:1      | Reached XP level 3. HP: 30/30 MP: 3/3
  1047 | D:2      | Identified the +2 helmet "Afyuwn" {rF+}
  1047 | D:2      | Noticed Robin
  1064 | D:2      | XOM: silly message
  1088 | D:1      | Slain by a goblin

Illustrated notes

Levels and vault maps discovered:
D:1:      tarquinn_simple_flora_water_b, layout_loops_corners, minivault_24,
          st_stairs_14, okawaru_ov_weapons_minmay
D:2:      layout_basic, nrook_mini_backslash, uniq_robin

Skill      XL: |  1  2  3 |
---------------+----------+-----
Fighting       | 4 |  4.1
Armour         | 3 |  3.1
Dodging        | 2 |  2.1
Maces & Flails | |  3.8

Action                   || total
-------------------------++-------
Melee: Mace              ||    78
 Abil: Hop               ||     1
 Stab: Sleeping          ||     1
Armor: Leather armour    ||    28
Dodge: Dodged            ||    68

Table legend: (Time is in decaauts)
 A = Elapsed time spent in this place.
 B = Non-inter-level travel time spent in this place.
 C = Inter-level travel time spent in this place.
 D = Time resting spent in this place.
 E = Time spent auto-exploring this place.
 F = Levels seen in this place.
 G = Mean time per level.
                   A        B        C        D        E       F      G
               +--------+--------+--------+--------+--------+-----+--------+
         Total |   1254 |   1241 |     13 |      0 |   1031 |   2 |  627.0 |
       Dungeon |   1254 |   1241 |     13 |      0 |   1031 |   2 |  627.0 |
               +--------+--------+--------+--------+--------+-----+--------+

Top non-repeatable levels by time:
     D:1: 1116 daAuts
     D:2: 138 daAuts
